 Dungeon Crawl Stone Soup version 0.25.1-2-g60ff931df9 (webtiles) character file.

Game seed: 2487205815853123026

15125 sfoobar the Basher (level 11, -2/97 HPs)
             Began as a Minotaur Berserker on Sept 26, 2020.
             Was a High Priest of Trog.
             Slain by a human (4 damage)
             ... on level 13 of the Dungeon on Sept 27, 2020.
             The game lasted 02:07:38 (11188 turns).

sfoobar the Basher (Minotaur Berserker)            Turns: 11188, Time: 02:07:38

Health: -2/97      AC: 17    Str: 32    XL:     11   Next: 97%
Magic:  0/10       EV: 15    Int:  4    God:    Trog [*****.]
Gold:   1022       SH: 19    Dex: 10    Spells: 10/10 levels left

rFire    . . .     SeeInvis +   a - +12 morningstar "Alot" {vorpal, Fragile rElec Str+7 SInv}
rCold    . . .     Gourm    .   y - +0 tower shield
rNeg     . . .     Faith    .   C - +7 ring mail of Ysaemar {MR+}
rPois    .         Spirit   +   b - +1 hat
rElec    +         Reflect  .   (no cloak)
rCorr    +         Harm     .   D - +0 pair of gloves
MR       +++..                  f - +0 pair of boots
Stlth    +.........             E - amulet of guardian spirit
HPRegen  1.26/turn              U - ring of resist corrosion
MPRegen  0.12/turn              M - +4 ring of evasion

@: regenerating, hasted, very quick
A: retaliatory headbutt, horns 2
a: Berserk, Trog's Hand, Brothers in Arms, Renounce Religion


You were on level 13 of the Dungeon.
You worshipped Trog.
Trog was extremely pleased with you.
You were not hungry.

You visited 2 branches of the dungeon, and saw 12 of its levels.
You also visited: Ice Cave.

You collected 1167 gold pieces.
You spent 145 gold pieces at shops.

Inventory:

Hand Weapons
 a - the +12 morningstar "Alot" (weapon) {vorpal, Fragile rElec Str+7 SInv}
   (You found it on level 7 of the Dungeon)

   It inflicts extra damage upon your enemies.
   It affects your strength (+7).
   It insulates you from electricity.
   It lets you see invisible.
   It will be destroyed if unequipped.
 i - a +3 mace
 k - a +4 vorpal morningstar
 I - a +0 hunting sling
 J - a +3 morningstar of draining
 L - a +2 morningstar of protection
Missiles
 l - 7 datura-tipped darts (quivered)
 m - 346 stones
 O - 18 poisoned darts
Armour
 b - a +1 hat (worn)
 f - a +0 pair of boots (worn)
 q - a +0 chain mail
 s - a +0 chain mail
 y - a +0 tower shield (worn)
 C - the +7 ring mail of Ysaemar (worn) {MR+}
   (You found it on level 2 of the Dungeon)

   It affects your resistance to hostile enchantments.
 D - a +0 pair of gloves (worn)
 F - a +0 scale mail
 P - a +0 plate armour
 R - a +0 chain mail
Jewellery
 e - an uncursed ring of wizardry
 h - a cursed ring of attention {unknown}
 j - an uncursed amulet of guardian spirit
 t - a cursed amulet of inaccuracy {unknown}
 v - the ring of Wuxotur {rC+ Str+4 Dex+5, unknown}
   (You found it in an ice cave)

   [ring of protection from cold]

   It affects your strength (+4).
   It affects your dexterity (+5).
   It protects you from cold.
 E - an amulet of guardian spirit (around neck)
 M - a +4 ring of evasion (right hand)
 U - a ring of resist corrosion (left hand)
 Z - an uncursed ring of stealth
Wands
 W - a wand of digging (1)
 X - a wand of enslavement (9)
Scrolls
 g - 6 scrolls of remove curse
 o - a scroll of magic mapping
 r - 2 scrolls of identify
 u - 2 scrolls of fear
 x - a scroll of teleportation
 A - 3 scrolls of enchant weapon
 B - a scroll of amnesia
 V - a scroll of enchant armour {unknown}
 Y - a scroll of random uselessness
Potions
 n - 6 potions of stabbing
 p - 4 potions of heal wounds
 z - a potion of mutation
 G - 2 potions of invisibility
 H - 3 potions of cancellation
 K - 2 potions of ambrosia
 Q - a potion of lignification
 T - 2 potions of flight
Comestibles
 c - 20 rations
 N - 14 chunks of flesh


   Skills:
 * Level 9.3 Fighting
 * Level 14.8 Maces & Flails
 * Level 8.9 Armour
 * Level 7.1 Dodging
 - Level 1.8 Stealth
 * Level 10.5 Shields


You had 10 spell levels left.
You didn't know any spells.
Your spell library was empty.

Dungeon Overview and Level Annotations

Branches:
Dungeon (13/15)            Temple (1/1) D:4             Orc (0/2) D:9
  IceCv (visited)
   Lair: D:8-11      Vaults: D:13-14

Altars:
Ashenzari
Cheibriados
Dithmenos
Elyvilon
Fedhas
Gozag
Hepliaklqana
Kikubaaqudgha
Makhleb
Nemelex Xobeh
Okawaru
Qazlal
Ru
Sif Muna
Trog
Uskayaw
Vehumet
Wu Jian
Xom
Yredelemnul
Zin
The Shining One

Shops:
D:4 *   D:8 ?

Annotations:
D:13 Rupert, Urug


Innate Abilities, Weirdness & Mutations

You reflexively headbutt those who attack you in melee.
You have a pair of horns on your head.


Message History

* * * LOW HITPOINT WARNING * * *
The seven-headed hydra bites you!
* * * LOW HITPOINT WARNING * * *
The seven-headed hydra bites you!
* * * LOW HITPOINT WARNING * * *
You block the seven-headed hydra's attack.
You feel better. You block the human's attack.
The vampire knight hits you with a +2 great mace of protection.
* * * LOW HITPOINT WARNING * * *
You block the vampire knight's attack.
You block the seven-headed hydra's attack.
The seven-headed hydra misses you. The seven-headed hydra bites you.
* * * LOW HITPOINT WARNING * * *
The seven-headed hydra bites you but does no damage.
The seven-headed hydra barely misses you.
You block the seven-headed hydra's attack.
The seven-headed hydra bites you but does no damage.
Okay, then.
You feel yourself speed up. The human hits you.
You die...

............#..##'##...# #.....
............#......# .# #.....
............#......# #.....
#######.....#......# ..# #.....
#.....#......#...#####....#
#.....#......#.............
#.....#.##'###..........#..
#....p###..................
#........V@p..............#
#........D.................
#..........................
#######.......................###
..............................# #
.........#########............#
...####### #............# ...#
#....#######.# ...# #....# #.#


You could see a seven-headed hydra, a vampire knight and 2 humans.

Vanquished Creatures
  An ice dragon (IceCv)
  Harold (D:8)
  A two-headed ogre (D:9)
  An ugly thing (D:13)
  A wolf spider (D:13)
  2 ice statues (IceCv)
  2 gargoyles
  Psyche (D:8)
  Joseph (D:7)
  Maggie (D:7)
  2 rime drakes (IceCv)
  A komodo dragon (D:13)
  3 trolls
  A tengu conjurer (D:13)
  Prince Ribbit (D:7)
  A hippogriff (D:13)
  4 yaks (D:13)
  A wyvern (D:9)
  A basilisk (D:10)
  9 humans (D:13)
  A steam dragon (D:6)
  5 sky beasts
  4 orc warriors
  15 ice beasts
  8 ogres
  4 centaurs
  4 bullfrogs
  3 scorpions
  A wyvern skeleton (D:10)
  11 killer bees
  2 electric eels (D:8)
  4 wights (D:8)
  A howler monkey (D:8)
  6 crimson imps
  2 centaur zombies
  2 jellies
  4 orc priests
  2 centaur skeletons
  4 hounds
  3 bullfrog skeletons
  Crazy Yiuf (D:7)
  Jessica (D:3)
  6 orc wizards
  13 worker ants
  2 hound skeletons (D:9)
  A howler monkey zombie (D:6)
  4 gnolls (D:5)
  13 adders
  3 shadow imps
  An adder skeleton (D:5)
  An adder zombie (D:5)
  3 worms
  2 dart slugs
  4 leopard geckos
  30 orcs
  6 giant cockroaches
  9 goblins
  8 hobgoblins
  29 jackals
  6 kobolds
  4 quokkas
  5 bats
  11 frilled lizards
  A leopard gecko skeleton (D:8)
  A quokka skeleton (D:5)
  A quokka zombie (D:6)
  10 rats
298 creatures vanquished.

Vanquished Creatures (collateral kills)
  A human (D:13)
1 creature vanquished.

Grand Total: 299 creatures vanquished

Notes
Turn   | Place    | Note
-------+----------+-------------------------------------------
     0 | D:1      | sfoobar the Minotaur Berserker began the quest for the Orb.
     0 | D:1      | Reached XP level 1. HP: 19/19 MP: 0/0
   142 | D:1      | Reached skill level 4 in Maces & Flails
   142 | D:1      | Reached XP level 2. HP: 27/27 MP: 1/1
  1070 | D:2      | Reached XP level 3. HP: 33/33 MP: 2/2
  1188 | D:2      | Reached ** piety under Trog
  1496 | D:2      | Reached skill level 5 in Maces & Flails
  1527 | D:2      | Reached XP level 4. HP: 36/41 MP: 3/3
  1607 | D:2      | Got a warped ring mail
  2386 | D:3      | Identified the +7 ring mail of Ysaemar {MR+} (You found it
                  | on level 2 of the Dungeon)
  2513 | D:3      | Reached XP level 5. HP: 46/47 MP: 4/4
  2595 | D:3      | Noticed Jessica
  2598 | D:3      | Killed Jessica
  2738 | D:3      | Found a hide-covered altar of Uskayaw.
  2823 | D:4      | Found Tuficlukho's General Store.
  2827 | D:4      | Reached skill level 6 in Maces & Flails
  2851 | D:4      | Reached skill level 5 in Fighting
  2874 | D:4      | Reached skill level 1 in Shields
  2885 | D:4      | Reached *** piety under Trog
  2886 | D:4      | Reached XP level 6. HP: 33/56 MP: 5/5
  3001 | D:4      | Reached skill level 1 in Stealth
  3007 | D:4      | Bought a scroll of remove curse for 42 gold pieces
  3007 | D:4      | Bought a scroll of identify for 28 gold pieces
  3200 | D:4      | Found a shimmering altar of Xom.
  3200 | D:4      | Found a shimmering altar of Xom.
  3200 | D:4      | Found a shimmering altar of Xom.
  3201 | D:4      | Found a shimmering altar of Xom.
  3201 | D:4      | Found a shimmering altar of Xom.
  3214 | D:4      | Found a shimmering altar of Xom.
  3250 | D:4      | Found a staircase to the Ecumenical Temple.
  3546 | Temple   | Entered the Ecumenical Temple
  3662 | D:5      | Entered Level 5 of the Dungeon
  3705 | D:5      | Noticed a sky beast
  3719 | D:5      | Killed a sky beast
  3880 | D:5      | Noticed a sky beast
  4214 | D:5      | Reached XP level 7. HP: 61/61 MP: 6/6
  4241 | D:5      | Found a shimmering altar of Xom.
  4417 | D:5      | Reached skill level 7 in Maces & Flails
  4455 | D:5      | Found a hazy altar of Hepliaklqana.
  4689 | D:5      | Found an ancient bone altar of Kikubaaqudgha.
  4691 | D:5      | Found an ornate altar of the Wu Jian Council.
  4821 | D:5      | You fall into a shaft and drop 3 floors!
  4859 | D:7      | Noticed Prince Ribbit
  4924 | D:7      | Found a runed translucent door.
  4925 | D:7      | Noticed Crazy Yiuf
  4942 | D:7      | Got a twisted morningstar
  4943 | D:7      | Identified the +12 morningstar "Alot" {vorpal, Fragile
                  | rElec Str+7 SInv} (You found it on level 7 of the Dungeon)
  5057 | D:7      | Noticed Joseph
  5059 | D:7      | Noticed Maggie
  5062 | D:7      | Found a burning altar of Makhleb.
  5091 | D:7      | Reached XP level 8. HP: 53/69 MP: 7/7
  5097 | D:7      | Killed Maggie
  5097 | D:7      | Reached skill level 8 in Maces & Flails
  5097 | D:7      | Reached skill level 5 in Armour
  5097 | D:7      | Reached skill level 5 in Shields
  5099 | D:7      | Killed Joseph
  5099 | D:7      | Reached skill level 9 in Maces & Flails
  5129 | D:7      | Found the +8 glaive of the Guard {elec, +Rage AC+5 SInv}
  5213 | D:7      | Reached **** piety under Trog
  5496 | D:5      | Found an iron altar of Okawaru.
  5860 | D:6      | Found a shadowy altar of Dithmenos.
  5957 | D:6      | Reached XP level 9. HP: 75/75 MP: 8/8
  6091 | D:6      | Found an opulent altar of Gozag.
  6559 | D:7      | Killed Crazy Yiuf
  6859 | D:7      | Reached skill level 10 in Maces & Flails
  7061 | D:7      | Killed Prince Ribbit
  7065 | D:7      | Found a snail-covered altar of Cheibriados.
  7435 | D:8      | Found a shadowy altar of Dithmenos.
  7547 | D:8      | Found Mufud's Magic Scroll Emporium.
  7570 | D:8      | Noticed Harold
  7587 | D:8      | Reached skill level 11 in Maces & Flails
  7595 | D:8      | Killed Harold
  7595 | D:8      | Reached skill level 5 in Dodging
  7596 | D:8      | Reached XP level 10. HP: 70/86 MP: 9/9
  7607 | D:8      | Bought a scroll of teleportation for 45 gold pieces
  7607 | D:8      | Bought a scroll of identify for 30 gold pieces
  7663 | D:8      | Reached ***** piety under Trog
  7757 | D:8      | Noticed Psyche
  7759 | D:8      | Found a glowing golden altar of the Shining One.
  7769 | D:8      | Killed Psyche
  7775 | D:8      | Found a glowing silver altar of Zin.
  7776 | D:8      | Found a white marble altar of Elyvilon.
  7860 | D:8      | Reached skill level 12 in Maces & Flails
  7997 | D:8      | Found a sacrificial altar of Ru.
  8467 | D:9      | Received a gift from Trog
  8599 | D:9      | Found a staircase to the Orcish Mines.
  9125 | D:9      | Noticed a two-headed ogre
  9133 | D:9      | Killed a two-headed ogre
  9213 | D:10     | Entered Level 10 of the Dungeon
  9298 | D:10     | Reached skill level 13 in Maces & Flails
  9409 | D:10     | Noticed a gargoyle
  9428 | D:10     | Killed a gargoyle
  9546 | D:10     | You fall into a shaft and drop 3 floors!
  9555 | D:13     | Reached XP level 11. HP: 94/94 MP: 10/10
  9683 | D:13     | Noticed a centaur warrior
  9683 | D:13     | Noticed a wolf spider
  9694 | D:13     | Noticed Urug
  9696 | D:13     | Noticed Rupert
  9892 | D:13     | Noticed a seven-headed hydra
  9919 | D:13     | Found a frozen archway.
  9927 | IceCv    | Entered an ice cave
 10058 | IceCv    | Reached skill level 14 in Maces & Flails
 10585 | IceCv    | Noticed an ice dragon
 10586 | IceCv    | Noticed an ice dragon
 10661 | IceCv    | Got a glittering pewter ring
 10750 | IceCv    | Killed an ice dragon
 10750 | IceCv    | Reached skill level 10 in Shields
 11080 | D:13     | Noticed a green ugly thing
 11096 | D:13     | Killed a green ugly thing
 11126 | D:13     | Noticed a vampire knight
 11127 | D:13     | Noticed a seven-headed hydra
 11152 | D:13     | Killed a wolf spider
 11162 | D:13     | Paralysed by a vampire knight for 7 turns
 11186 | D:13     | HP: 2/97 [seven-headed hydra (10)]
 11188 | D:13     | Slain by a human

Illustrated notes

Levels and vault maps discovered:
D:1:      nicolae_arrival_washed_ashore, layout_basic, minmay_tromino_v2
D:2:      layout_loops_ring, kennysheep_another_room, minivault_5
D:3:      layout_basic, lemuel_crystal_altar, uniq_jessica
D:4:      layout_rooms, minmay_temple_entry_slanted, serial_shops,
          nicolae_shop_window_shopping, xom_redecorated
D:5:      layout_gridville, overflow_temple_1_default, old_standard_altar,
          grunt_temple_overflow_open, first_ration, okawaru_altar_gauntlet_db
D:6:      layout_loops_corners, nicolae_dithmenos_shadow_blocks,
          marbit_many_paths
D:7:      layout_loops_ring, slow_altar_2, basic_altar, grunt_ogre_cave,
          uniq_crazy_yiuf_cottage, uniq_joseph, uniq_prince_ribbit1, uniq_maggie
D:8:      layout_loops_cross, good_gods_temple_1,
          nicolae_ru_sacrificial_ziggurat, basic_altar, serial_shops,
          nicolae_shop_statue_plus, nicolae_water_bricks, uniq_harold,
          uniq_psyche
D:9:      layout_cave_pools, david_orc_3
D:10:     layout_roguey, serial_bayou_crossing
D:13:     minmay_guarded_unrand_guard, layout_irregular_city, david_vaults_3,
          portal_ice_cave_entry_pillars_1, uniq_rupert, uniq_kirke
Temple:   zaba_magenta_temple

Skill      XL: |  1  2  3  4  5  6  7  8  9 10 11 |
---------------+----------------------------------+-----
Maces & Flails | 4 5 6 7 9 11 13 14 | 14.8
Fighting       | 4 5 6 7 8 9 |  9.3
Dodging        | 3 4 5 7 |  7.1
Shields        | 1 2 4 6 7 9 10 | 10.5
Stealth        | 1 |  1.8
Armour         | 3 4 5 6 7 8 |  8.9

Action                   |  1- 3 |  4- 6 |  7- 9 | 10-12 || total
-------------------------+-------+-------+-------+-------++-------
Melee: Mace              |    65 |   173 |    90 |       ||   328
       Headbutt          |    11 |    20 |    29 |    44 ||   104
       Morningstar       |       |       |   113 |   279 ||   392
Throw: Dart              |       |       |       |     1 ||     1
Invok: Berserk           |       |     2 |     1 |     2 ||     5
       Trog's Hand       |       |       |     1 |     3 ||     4
       Brothers in Arms  |       |       |       |     1 ||     1
  Use: Scroll            |       |    12 |     9 |     6 ||    27
       Potion            |       |       |       |     7 ||     7
 Stab: Sleeping          |     1 |       |     3 |       ||     4
  Eat: Ration            |     1 |       |     1 |     3 ||     5
       Chunk             |       |     9 |     8 |     6 ||    23
Armor: Animal skin       |    14 |     4 |       |       ||    18
       Ring mail         |       |    67 |    56 |    56 ||   179
Dodge: Dodged            |    34 |    43 |    43 |    86 ||   206
Block: Tower shield      |       |    90 |   161 |   216 ||   467
